 Dungeon Crawl Stone Soup version 0.18.1-48-g4cf74bf (webtiles) character file.

959 Gargoyl the Skirmisher (level 7, -8/56 HPs)
             Began as a Demonspawn Abyssal Knight on July 18, 2016.
             Was a Priest of Lugonu.
             Hit by a large rock thrown by a cyclops (19 damage)
             ... on level 6 of the Dungeon.
             The game lasted 00:15:31 (4714 turns).

Gargoyl the Skirmisher (Demonspawn Abyssal Knight)  Turns: 4714, Time: 00:15:32

Health: -8/56      AC: 12    Str: 15    XL:     7   Next: 91%
Magic:  8/8        EV:  9    Int: 13    God:    Lugonu [***...]
Gold:   379        SH:  3    Dex: 10    Spells: 0 memorised, 6 levels left

rFire  . . .     SeeInvis .     v - +0 war axe
rCold  . . .     Gourm    .     t - +0 plate armour
rNeg   . . .     Faith    .     o - +0 buckler
rPois  .         Spirit   .     (helmet restricted)
rElec  .         Dismiss  .     (no cloak)
rCorr  +         Reflect  .     (no gloves)
SustAt .         Harm     .     (no boots)
MR     +....                    n - amulet of regeneration
Stlth  ..........               s - +3 ring of evasion
                                l - ring of resist corrosion

@: somewhat resistant to hostile enchantments, extremely unstealthy
A: claws 2, horns 1, talons 1, clumsy 1, demonic guardian 1, magic resistance 1,
wild magic 1, sturdy frame 1
a: Depart the Abyss, Bend Space, Banish, Renounce Religion


You were on level 6 of the Dungeon.
You worshipped Lugonu.
Lugonu was most pleased with you.
You were not hungry.

You visited 1 branch of the dungeon, and saw 6 of its levels.
You visited the Abyss 1 time.

You collected 379 gold pieces.

Inventory:

Hand Weapons
 v - a +0 war axe (weapon)
Missiles
 e - 4 exploding tomahawks (quivered)
 u - 3 tomahawks
Armour
 o - a +0 buckler (worn)
 t - a +0 plate armour (worn)
Jewellery
 l - a ring of resist corrosion (left claw)
 n - an amulet of regeneration (around neck)
 p - an uncursed ring of flight
 s - a +3 ring of evasion (right claw)
Wands
 q - a wand of polymorph (7/24)
 w - a wand of teleportation (3/9)
Scrolls
 d - a scroll of enchant armour {unknown}
 f - 5 scrolls of teleportation {unknown}
 g - 3 scrolls of identify
 i - a scroll of recharging {unknown}
 k - a scroll of enchant weapon {unknown}
 m - 2 scrolls of immolation {unknown}
 r - a scroll of remove curse {unknown}
 x - a scroll of random uselessness {unknown}
Potions
 b - a potion of haste
Comestibles
 a - a royal jelly
 c - 3 bread rations
 h - a meat ration
 j - 2 beef jerkies
 z - a chunk of flesh


   Skills:
 + Level 5.4 Fighting
 + Level 4.2 Axes
 + Level 5.3 Armour
 + Level 2.7 Dodging
 + Level 0.4 Stealth
 + Level 0.5 Shields
 + Level 2.6 Invocations


You had 6 spell levels left.
You didn't know any spells.

Dungeon Overview and Level Annotations

Branches:
Dungeon (6/15)
 Temple: D:4-7

Altars:
Dithmenos
Gozag
Okawaru
Ru
Sif Muna
Vehumet
Zin
The Shining One

Annotations:
D:4 Gargoyl's ghost, amateur DsAK


Innate Abilities, Weirdness & Mutations

You have very sharp fingernails.
A weak demonic guardian rushes to your aid.
Your movements are slightly less encumbered by armour (ER -2).
You have a pair of small horns on your head.
You have sharp toenails.
You are clumsy. (Dex -2)
You are resistant to hostile enchantments.
Your spells are a little harder to cast, but a little more powerful.


Message History

You see here a large rock.
You block the giant cockroach's attack.
Your white imp gestures at the sky beast.
The puff of frost hits the sky beast.
The sky beast hits your white imp but does no damage.
The giant cockroach barely misses you.
Your plate armour prevents you from hitting the giant cockroach.
Your white imp hits the sky beast but does no damage.
The sky beast hits your white imp. The sky beast shocks your white imp.
Your white imp dies!
The cyclops throws a large rock.
The large rock hits you!!
Ouch! That really hurt!
* * * LOW HITPOINT WARNING * * *
The giant cockroach barely misses you. The giant cockroach barely misses you.
A shadow imp comes into view.
The shadow imp disappears for a moment.
You block the giant cockroach's attack.
The cyclops throws a large rock.
The large rock hits you!!
You die...

##♣♣♣ #.##
..P.♣.♣
#..####
..PP.♣
#.....#
..PP♣♣
#.....# ...♣♣
#..[..# ##♣♣
#.(...#
#Y....###
#5s.....C.
#@....####
..5....######
#......
#......
#......
#######


You could see a cyclops, a sky beast, a shadow imp, a giant cockroach and a
friendly crimson imp.

Vanquished Creatures
  A sky beast (D:5)
  A crimson imp (D:5)
  3 giant frog zombies
  2 hounds
  A giant frog skeleton (D:3)
  3 iguanas
  4 orc wizards
  A worker ant zombie (D:5)
  8 adders
  An ooze (D:2)
  2 worms
  3 giant geckos
  16 orcs
  4 giant cockroaches
  7 goblins
  6 hobgoblins
  3 jackals (D:5)
  4 kobolds
  2 quokkas
  2 ball pythons
  5 bats
  10 giant newts
  A quokka skeleton (D:4)
  9 rats
99 creatures vanquished.

Vanquished Creatures (collateral kills)
  Eustachio (D:4)
  An ogre (D:6)
  A giant frog zombie (D:5)
  A giant frog skeleton (D:5)
  2 worker ants (D:5)
  2 orcs
8 creatures vanquished.

Vanquished Creatures (others)
  An orc warrior (D:5)
1 creature vanquished.

Grand Total: 108 creatures vanquished

Notes
Turn   | Place    | Note
--------------------------------------------------------------
     0 | Abyss:1  | Gargoyl the Demonspawn Abyssal Knight began the quest for the Orb.
     0 | Abyss:1  | Reached XP level 1. HP: 18/18 MP: 2/2
    60 | Abyss:1  | Noticed an efreet
   106 | Abyss:1  | Noticed a crimson imp
   106 | D:1      | Escaped the Abyss
   523 | D:1      | Gained mutation: A weak demonic guardian rushes to your aid. [demonic ancestry]
   523 | D:1      | Reached XP level 2. HP: 24/24 MP: 3/3
   535 | D:1      | Reached * piety under Lugonu
   664 | D:1      | Reached skill level 1 in Dodging
  1144 | D:2      | Reached XP level 3. HP: 23/29 MP: 4/4
  1485 | D:2      | Found an iron altar of Okawaru.
  1541 | D:2      | Reached ** piety under Lugonu
  1543 | D:2      | Reached XP level 4. HP: 26/37 MP: 5/5
  1624 | D:2      | Found a glowing silver altar of Zin.
  1624 | D:2      | Found an opulent altar of Gozag.
  1625 | D:2      | Found a glowing golden altar of the Shining One.
  2518 | D:3      | Gained mutation: Your movements are slightly less encumbered by armour (ER -2). [demonic ancestry]
  2518 | D:3      | Reached XP level 5. HP: 38/42 MP: 6/6
  2522 | D:3      | Found a deep blue altar of Sif Muna.
  2639 | D:4      | Noticed Eustachio
  2661 | D:4      | Killed Eustachio
  2742 | D:4      | Noticed Gargoyl's ghost (amateur DsAK)
  2784 | D:4      | HP: 2/42 [Gargoyl's ghost (8)]
  3082 | D:4      | Gained mutation: You have sharp fingernails. [demonic ancestry]
  3082 | D:4      | Reached XP level 6. HP: 42/48 MP: 7/7
  3394 | D:4      | Found a radiant altar of Vehumet.
  3516 | D:4      | Gained mutation: Your spells are a little harder to cast, but a little more powerful. [potion of mutation]
  3516 | D:4      | Gained mutation: You have a pair of small horns on your head. [potion of mutation]
  3516 | D:4      | Gained mutation: You are resistant to hostile enchantments. [potion of mutation]
  3520 | D:4      | Gained mutation: You have sharp toenails. [potion of beneficial mutation]
  3522 | D:4      | Gained mutation: You are clumsy. (Dex -2) [potion of mutation]
  3527 | D:4      | HP: 1/49 [Gargoyl's ghost (9)]
  3660 | D:4      | Reached *** piety under Lugonu
  3742 | D:5      | Entered Level 5 of the Dungeon
  3750 | D:5      | Found a sacrificial altar of Ru.
  3775 | D:5      | Gained mutation: You have very sharp fingernails. [demonic ancestry]
  3775 | D:5      | Reached XP level 7. HP: 53/55 MP: 8/8
  3892 | D:5      | Found a shadowy altar of Dithmenos.
  3941 | D:5      | Reached skill level 5 in Fighting
  4056 | D:5      | Got a dazzling scale mail
  4057 | D:5      | Identified the +0 scale mail of Negligence {Regen+ Dex+3} (You found it on level 5 of the Dungeon)
  4135 | D:5      | Reached skill level 5 in Armour
  4710 | D:6      | Noticed a cyclops
  4714 | D:6      | Hit by a large rock thrown by a cyclops

Skill      XL: |  1  2  3  4  5  6  7 |
---------------+----------------------+-----
Armour         | 2 3 4 5 |  5.3
Dodging        | 1 2 |  2.7
Axes           | 2 3 4 |  4.2
Fighting       | 4 5 |  5.4
Stealth        | |  0.4
Shields        | |  0.5
Invocations    | |  2.6

Action                   |  1- 3 |  4- 6 |  7- 9 || total
-------------------------+-------+-------+-------++-------
Melee: Hand axe          |   116 |    89 |       ||   205
       War axe           |       |   100 |   102 ||   202
       Kick              |       |     9 |    18 ||    27
       Headbutt          |       |     2 |    19 ||    21
Invok: Depart the Abyss  |     1 |       |       ||     1
       Banish            |       |       |     1 ||     1
  Use: Scroll            |     2 |     1 |     2 ||     5
       Potion            |       |     7 |     1 ||     8
  Eat: Chunk             |     2 |     8 |     4 ||    14
Armor: Leather armour    |     9 |       |       ||     9
       Ring mail         |    34 |       |       ||    34
       Chain mail        |    16 |   109 |       ||   125
       Plate armour      |       |    60 |    94 ||   154
Dodge: Dodged            |    66 |    79 |    53 ||   198
Block: Buckler           |       |       |    10 ||    10
